 Dungeon Sprint DCSS version 0.21.1-1-g345015f (webtiles) character file.

82 equalderp2856 the Covered (level 4, -1/45 HPs)
             Began as a Minotaur Fighter on May 4, 2018.
             Splashed by an oklob sapling priest's acid (14 damage)
             ... in the Dungeon (Sprint IV: "Fedhas' Mad Dash").
             The game lasted 00:01:05 (442 turns).

equalderp2856 the Covered (Minotaur Fighter)         Turns: 442, Time: 00:01:06

Health: -1/45      AC:  7    Str: 20    XL:     4   Next: 21%
Magic:  1/3        EV:  8    Int:  5    God:
Gold:   90         SH: 10    Dex: 11    Spells: 3/3 levels left

rFire    . . .     SeeInvis .   a - +0 rapier
rCold    . . .     Gourm    .   c - +0 shield
rNeg     . . .     Faith    .   b - +0 scale mail
rPois    .         Spirit   .   (helmet restricted)
rElec    .         Reflect  .   (no cloak)
rCorr    .         Harm     .   (no gloves)
MR       .....     NoTele   +   (no boots)
Stlth    ..........             l - amulet of invisibility {+Inv}
HPRegen  0.15/turn              (no ring)
MPRegen  0.08/turn              (no ring)

@: very slightly contaminated, invisible
A: retaliatory headbutt, horns 2
a: no special abilities


You were in the Dungeon.
You were not hungry.

You visited 1 branch You collected 90 gold pieces.

Inventory:

Hand Weapons
 a - a +0 rapier (weapon)
Armour
 b - a +0 scale mail (worn)
 c - a +0 shield (worn)
Jewellery
 l - the amulet of invisibility (around neck) {+Inv}
   (You found it in the Dungeon)

   [amulet of nothing]

   It lets you turn invisible.
Scrolls
 k - a scroll of blinking
Potions
 d - a potion of might
 e - a potion of curing
 g - a potion of heal wounds
 h - a potion of haste
 i - 2 potions of magic
 j - a potion of berserk rage
Comestibles
 f - a ration


   Skills:
 + Level 6.4 Fighting
 + Level 3.3 Short Blades
 + Level 6.8 Armour
 + Level 0.2 Dodging
 + Level 6.4 Shields
 * Level 0.3 Evocations


You had 3 spell levels left.
You didn't know any spells.

Dungeon Overview and Level Annotations

Branches:
Dungeon (1/1)

Altars:
Cheibriados
Dithmenos
Gozag
Hepliaklqana
Kikubaaqudgha
Makhleb
Nemelex Xobeh
Okawaru
Ru
Sif Muna
Trog
Uskayaw
Wu Jian
Xom
Yredelemnul
Zin
Beogh
Jiyva

Annotations:
D exclusion: oklob sapling


Innate Abilities, Weirdness & Mutations

You reflexively headbutt those who attack you in melee.
You have a pair of horns on your head.


Message History

You fail to use your ability.
You fail to use your ability.
You fail to use your ability.
You fade into invisibility!
You are very lightly contaminated with residual magic.
You feel quite a bit more hungry.
Really walk into a travel-excluded area? [Y]es or [N]o only, please.
Really walk into a travel-excluded area?
Okay, then.
Really walk into a travel-excluded area?
The oklob sapling priest spits acid at you.
The splash of acid hits you!
You are splashed with acid!
The acid burns!
There is an open door here.
Found three altars.
The oklob sapling priest spits acid at something.
The splash of acid hits you!
* * * LOW HITPOINT WARNING * * *
You are splashed with acid!
The acid burns!
You die...

########################
.P#÷....#.....#.⌠._._._.
..'.....'.#...'.@_._._._
PP#.....#.#...#..._._P_.
############'##.._._._._
+...#._._._._.
#...########## #####


You could see an oklob sapling priest.

Vanquished Creatures
  2 oklob saplings (D)
  A worker ant (D)
  A river rat (D)
  A rat (D)
5 creatures vanquished.

Notes
Turn   | Place    | Note
-------+----------+-------------------------------------------
     0 | D        | equalderp2856 the Minotaur Fighter began the quest for the Orb.
     0 | D        | Reached XP level 1. HP: 19/19 MP: 0/0
     7 | D        | Reached XP level 2. HP: 28/28 MP: 1/1
    16 | D        | Noticed an oklob sapling
    22 | D        | Killed an oklob sapling
    22 | D        | Reached skill level 5 in Fighting
    22 | D        | Reached skill level 5 in Armour
    22 | D        | Reached skill level 5 in Shields
    22 | D        | Reached XP level 3. HP: 7/36 MP: 2/2
   260 | D        | Found the amulet of invisibility {+Inv}
   318 | D        | Found an opulent altar of Gozag.
   318 | D        | Found a hazy altar of Hepliaklqana.
   318 | D        | Found a burning altar of Makhleb.
   318 | D        | Found a roughly hewn altar of Beogh.
   318 | D        | Found a sparkling altar of Nemelex Xobeh.
   318 | D        | Found a snail-covered altar of Cheibriados.
   318 | D        | Found a sacrificial altar of Ru.
   318 | D        | Found a deep blue altar of Sif Muna.
   318 | D        | Found a shimmering altar of Xom.
   318 | D        | Found a basalt altar of Yredelemnul.
   319 | D        | Found a viscous altar of Jiyva.
   319 | D        | Found a bloodstained altar of Trog.
   319 | D        | Found an ornate altar of the Wu Jian Council.
   319 | D        | Noticed an oklob sapling priest
   327 | D        | Noticed an oklob sapling
   332 | D        | Killed an oklob sapling
   332 | D        | Reached XP level 4. HP: 45/45 MP: 0/3
   441 | D        | Found an iron altar of Okawaru.
   441 | D        | Found a shadowy altar of Dithmenos.
   441 | D        | Found a glowing silver altar of Zin.
   442 | D        | Found an ancient bone altar of Kikubaaqudgha.
   442 | D        | Found a hide-covered altar of Uskayaw.
   442 | D        | Splashed by an oklob sapling priest's acid

Skill      XL: |  1  2  3 |
---------------+----------+-----
Fighting       | 4 5 6 |  6.4
Armour         | 4 5 6 |  6.8
Shields        | 4 5 6 |  6.4
Short Blades   | 3 |  3.3
Dodging        | |  0.2
Evocations     | |  0.3

Action                   |  1- 3 |  4- 6 || total
-------------------------+-------+-------++-------
Melee: Rapier            |    25 |       ||    25
       Headbutt          |     7 |       ||     7
 Abil: Evoke Invisibilit |     1 |     1 ||     2
Armor: Scale mail        |     8 |       ||     8
Dodge: Dodged            |     5 |     1 ||     6
Block: Shield            |     9 |       ||     9
